Map: Cactus Valley LE (Void)

Players

wabbajack

  • Race: Terran Terran
  • League: Grandmaster

GrossBaff - Winner!

  • Race: Zerg Zerg
  • League: Grandmaster

VOD

Have the link to the VOD?

Description

Time

  • Played on: July 13, 2015, 11:02 a.m.
  • Length: 12:03
Show
View Real Time Build Order
Export as new Build Order

wabbajack Terran 

Build Orders: MMM Bio 

Get SALT Encoding   

  12  0:01  SCV  
  13  0:13  SCV  
  14  0:17  Supply Depot  
  14  0:25  SCV  
  15  0:33  Refinery  
  15  0:41  Barracks  
  15  0:45  SCV  
  16  0:57  SCV  
  17  1:09  SCV  
  18  1:21  SCV  
  19  1:30  Supply Depot  
  19  1:32  Reaper  
  20  1:38  Orbital Command  
  20  1:56  Factory  
  20  2:05  SCV, Refinery  
  21  2:18  SCV  
  22  2:24  Command Center  
  22  2:30  SCV  
  23  2:41  Hellion  
  23  2:42  SCV  
  26  2:44  Barracks Reactor  
  26  2:47  Armory  
  26  2:54  SCV  
  26  2:56  Supply Depot  
  27  3:02  Starport  
  27  3:07  Hellion  
  29  3:15  SCV  
  30  3:22  Supply Depot  
  29  3:36  Barracks Tech Lab  
  29  3:42  Hellbat  
  29  3:43  Hellbat  
  29  3:45  Medivac  
  35  3:50  SCV  
  35  3:51  Barracks  
  36  4:02  Orbital Command  
  36  4:11  Hellbat x2  
  36  4:13  Barracks Reactor  
  40  4:36  Banshee  
  43  4:41  Cloaking Field  
  43  4:42  Barracks Tech Lab  
  39  5:13  Hellbat x2  
  43  5:20  Supply Depot  
  43  5:22  Supply Depot  
  43  5:23  Supply Depot  
  43  5:25  SCV x2  
  43  5:26  Supply Depot  
  45  5:34  Stimpack, Hellbat  
  45  5:35  Hellbat  
  49  5:36  Marine x3  
  49  5:37  SCV x2  
  49  5:39  Terran Vehicle Armor Level 1  
  54  5:42  Engineering Bay  
  54  5:49  SCV  
  56  5:50  SCV, Banshee  
  59  6:00  Marine x2  
  59  6:01  Marauder  
  63  6:05  SCV x2  
  65  6:12  Terran Infantry Weapons Level 1  
  65  6:18  Starport  
  65  6:21  Supply Depot  
  65  6:22  Supply Depot  
  65  6:26  SCV  
  65  6:27  SCV  
  65  6:28  Marine x2  
  65  6:29  Marauder  
  71  6:39  SCV x2  
  73  6:44  Supply Depot  
  73  6:46  Supply Depot  
  68  7:11  Marauder, Marine x2  
  68  7:13  Raven  
  68  7:14  Starport Reactor  
  72  7:20  Engineering Bay  
  72  7:25  Refinery x2  
  72  7:37  Combat Shields  
  72  7:38  Command Center  
  76  7:44  Hellbat x2  
  76  7:47  Marauder, Marine x2  
  80  7:57  Medivac x2  
  84  8:05  Hellbat, Marine x2  
  86  8:06  Hellbat  
  86  8:09  Marauder  
  76  8:27  Hellbat x2  
  64  8:43  Marine x2  
  64  8:44  Marauder  
  64  8:46  Medivac x2  
  76  8:48  Hellbat x2  
  76  8:52  Barracks  
  76  8:53  Barracks  
  80  9:10  Marauder, Marine x2, Hellbat x2  
  80  9:12  Orbital Command  
  84  9:20  Terran Infantry Weapons Level 2  
  84  9:21  Terran Infantry Armor Level 1  
  84  9:22  Terran Vehicle Armor Level 2  
  84  9:28  Marine x2  
  90  9:31  Marine, Hellbat x2  
  91  9:47  Barracks Tech Lab  
  91  9:48  Barracks Reactor  
  91  9:51  Marine x3  
  91  9:52  Hellbat x2  
  98  9:53  Medivac x2  
  98  9:56  Viking  
  70  10:26  Marine x2  
  70  10:27  Marine x2, Marauder  
  76  10:29  Marauder  
  76  10:30  Widow Mine x2  
  82  10:55  Marauder, Orbital Command, Marine x2  
  82  10:56  Marine x2  
  88  10:57  Marauder  
  90  11:08  Missile Turret  
  90  11:14  Marine x2  
  90  11:15  Missile Turret  
  90  11:17  Marauder  
  94  11:19  Marauder  
  97  11:32  SCV  
  97  11:33  SCV x2  
  97  11:35  Marine x2  
  97  11:36  Hellbat  
  97  11:37  Marine x2  
  97  11:38  Marauder  
  107  11:40  Marauder  
  107  11:45  SCV x3  
Show
View Real Time Build Order
Export as new Build Order

GrossBaff Zerg - Winner!

Build Orders: Hatch First, Lurkers 

Get SALT Encoding   

  12  0:02  Drone  
  13  0:09  Drone  
  14  0:39  Hatchery  
  14  0:40  Drone  
  14  0:56  Spawning Pool  
  13  1:01  Drone  
  14  1:09  Overlord  
  14  1:28  Drone  
  14  1:29  Drone x2  
  17  1:55  Hatchery, Drone x2  
  18  2:03  Zergling x2  
  18  2:04  Zergling x2  
  18  2:06  Zergling x2  
  21  2:16  Queen  
  21  2:20  Drone  
  24  2:23  Drone  
  25  2:32  Queen  
  27  2:38  Drone  
  28  2:52  Spine Crawler  
  28  2:54  Spine Crawler  
  28  2:57  Overlord  
  26  3:00  Drone x2  
  28  3:13  Queen  
  30  3:33  Drone x6  
  30  3:34  Drone x3  
  39  3:35  Drone  
  40  3:52  Spine Crawler  
  40  3:55  Spine Crawler  
  38  3:57  Drone  
  38  3:58  Drone x2  
  41  4:04  Extractor  
  41  4:08  Extractor  
  39  4:18  Drone  
  39  4:19  Drone x2  
  39  4:21  Overlord x3  
  39  4:22  Overlord x2  
  42  4:37  Spine Crawler  
  41  4:42  Spine Crawler  
  40  4:46  Spore Crawler  
  40  4:48  Drone x6  
  40  4:49  Drone x5  
  50  4:57  Spore Crawler  
  49  5:01  Spore Crawler  
  47  5:37  Drone  
  47  5:38  Drone x23  
  71  5:46  Extractor  
  71  5:47  Extractor  
  71  5:48  Spine Crawler  
  68  5:57  Extractor  
  67  5:58  Extractor  
  67  5:59  Spore Crawler x2  
  64  6:08  Lair  
  64  6:14  Metabolic Boost  
  64  6:15  Spine Crawler  
  64  6:16  Zergling x12  
  64  6:17  Zergling x18  
  57  7:05  Spine Crawler x2  
  57  7:07  Spine Crawler  
  52  7:08  Spine Crawler  
  52  7:09  Spine Crawler  
  52  7:13  Spine Crawler  
  45  7:15  Spine Crawler  
  45  7:16  Spine Crawler  
  43  7:23  Spore Crawler, Spine Crawler  
  43  7:26  Spore Crawler  
  43  7:27  Spore Crawler  
  39  7:38  Roach Warren  
  38  7:54  Hydralisk Den  
  37  8:05  Zergling x2  
  38  8:06  Zergling x52  
  46  8:41  Queen  
  46  8:43  Hydralisk  
  46  8:44  Hydralisk x10  
  67  9:00  Lurker Den  
  53  9:30  Hydralisk x3  
  53  9:31  Hydralisk x3  
  65  9:47  Burrow  
  56  10:11  Zergling x2  
  56  10:12  Zergling x22  
  50  10:29  Lurker  
  50  10:30  Lurker x4  
  55  10:41  Drone  
  55  10:42  Drone x4  
  60  11:11  Hatchery  
  59  11:19  Hydralisk  
  59  11:20  Hydralisk  
  59  11:23  Hydralisk  
  65  11:28  Hydralisk  
  67  11:35  Hydralisk  
  67  11:38  Hydralisk  
Tags
 
Add a new tag
Caveats
  • Supply blocks, unpowered buildings, or Contaminate may cause inaccurate times.
  • Supply counts are checked every 10 seconds.